 Dungeon Crawl Stone Soup version 0.31-a0-208-gdb31a4691d (webtiles) character file.

Game seed: 8398847070190414443

685 sanka the Nimble (level 7, 0/37 (42) HPs)
             Began as a Deep Elf Berserker on June 29, 2023.
             Was a Priest of Trog.
             Slain by a wight
             ... wielding a +3 morningstar
              (1 damage)
             ... on level 7 of the Dungeon.
             The game lasted 00:08:37 (4453 turns).

sanka the Nimble (Deep Elf Berserker)               Turns: 4453, Time: 00:08:37

HP:   0/37 (42)     AC: 14    Str: 14    XL:     7   Next: 35%
MP:   9/9           EV: 15    Int: 12    God:    Trog [***...]
Gold: 175           SH:  0    Dex: 16    Spells: 6/6 levels left

rFire   . . .        a - +2 short sword (protect)
rCold   + . .        (no shield)
rNeg    . . .        h - +2 ring mail {rC+}
rPois   .            (no helmet)
rElec   .            (no cloak)
rCorr   .            (no gloves)
SInv    .            (no boots)
Will    .....        w - amulet of magic regeneration
Stlth   +            (no ring)
HPRegen 0.26/turn    (no ring)
MPRegen 0.51/turn

%: no passive effects
@: under a protective aura, on berserk cooldown, slowed, heavily drained, very
slow
A: no striking features
a: Renounce Religion, Berserk, Trog's Hand


You were on level 7 of the Dungeon.
You worshipped Trog.
Trog was most pleased with you.
You visited 1 branch of the dungeon, and saw 6 of its levels.

You collected 175 gold pieces.


   Skills:
 + Level 3.6 Fighting
 - Level 3.0 Short Blades
 - Level 1.5 Armour
 * Level 9.1 Dodging


You had 6 spell levels left.
You didn't know any spells.
Your spell library contained the following spells:

 Spells                   Type           Power      Damage    Failure   Level
 Kiss of Death            Conj/Necr      0%         2d5       56%         1
 Summon Small Mammal      Summ           0%         N/A       56%         1
 Sublimation of Blood     Necr           0%         N/A       71%         2
 Wereblood                Tmut           0%         N/A       71%         2
 Call Canine Familiar     Summ           0%         N/A       90%         3
 Confusing Touch          Hex            0%         N/A       90%         3
 Summon Guardian Golem    Hex/Summ       0%         N/A       90%         3
 Dispel Undead            Necr           0%         3d6       100%        4
 Summon Hydra             Summ           0%         N/A       100%        7

Inventory:

Hand Weapons
 a - a +2 short sword of protection (weapon)
 b - the +2 dagger of Fury {heavy, rCorr Dex+4 SInv}

   Dex:       It affects your dexterity (+4).
   SInv:      It lets you see invisible.
   rCorr:     It protects you from acid and corrosion.
Missiles
 z - a throwing net {=f}
Armour
 h - a +2 ring mail of cold resistance (worn)
 y - a +0 animal skin
Jewellery
 n - a ring of fire
 w - an amulet of magic regeneration (around neck)
Wands
 v - a wand of flame (25)
Scrolls
 c - 5 scrolls of identify {unknown}
 e - a scroll of summoning {unknown}
 g - 2 scrolls of fog {unknown}
 i - 2 scrolls of revelation {unknown}
 j - 2 scrolls of blinking {unknown}
 m - a scroll of teleportation {unknown}
 o - a scroll of amnesia {unknown}
 A - a scroll of enchant weapon {unknown}
Potions
 d - 4 potions of curing {unknown}
 f - 3 potions of cancellation {unknown}
 k - a potion of enlightenment {unknown}
 l - a potion of berserk rage {unknown}
 p - 4 potions of heal wounds {unknown}
 q - a potion of mutation {unknown}
 r - a potion of degeneration {unknown}
 s - a potion of ambrosia {unknown}
 t - 2 potions of attraction {unknown}
 u - 2 potions of might {unknown}
 x - a potion of magic {unknown}

Dungeon Overview and Level Annotations

Branches:
Dungeon (7/15)
 Temple: D:4-7

Altars:
Ashenzari
Cheibriados
Dithmenos

Shops:
D:3

[
▒▒▒▒▒▒▒▒▒▒▒▒
.....zze...▒
▒▒▒▒▒▒▒▒▒▒.▒
▒.▒
▒▒▒▒▒▒▒▒▒.▒
▒▒.........▒
▒..▒▒▒▒▒▒▒.▒
▒.▒▒ ▒.▒
▒▒▒▒▒▒▒▒.▒▒
▒.▒
..........▒
▒.▒


You could see 2 wights.


Message History

You destroy the wight!
Trog accepts your kill.
Your life force feels restored.
You closely miss the wight. Your punch misses the wight.
You barely miss the wight.
You are no longer berserk.
You are exhausted.
You feel yourself slow down.
The wight hits you with a +3 morningstar!
* * * LOW HITPOINT WARNING * * *
You feel drained.
* * * LOW HITPOINT WARNING * * *
You hit the wight.
The wight is moderately damaged.
The wight hits you with a +3 morningstar.
* * * LOW HITPOINT WARNING * * *
You feel drained.
* * * LOW HITPOINT WARNING * * *
You hit the wight but do no damage.
The wight is moderately damaged.
The wight misses you.
Unknown command.
You closely miss the wight.
The wight is moderately damaged.
The wight misses you.
The wight hits you with a +3 morningstar.
* * * LOW HITPOINT WARNING * * *
You feel drained.
You die...

Action                     |  1- 3 |  4- 6 |  7- 9 || total
---------------------------+-------+-------+-------++-------
  Melee: Short sword       |   133 |   301 |    24 ||   458
         Punch             |     1 |     4 |     1 ||     6
 Invoke: Berserk           |       |     3 |     1 ||     4
  Evoke: Wand              |       |     2 |       ||     2
   Stab: Sleeping          |     1 |       |       ||     1
 Armour: Animal skin       |     8 |       |       ||     8
         Ring mail         |    26 |    78 |     4 ||   108
  Dodge: Dodged            |    67 |   153 |     6 ||   226

Levels and vault maps discovered:
D:1:      elethiomel_arrival_shortcut, layout_basic
D:2:      layout_rooms
D:3:      gammafunk_steamed_eel, layout_loops_corners,
          hellmonk_ecumenical_altar_defaced_shrine, serial_shops, shop,
          kennysheep_another_room
D:4:      layout_basic, lemuel_round_altar, cheibriados_altar_1
D:5:      layout_rooms, grunt_dithmenos_smoke_and_mirrors,
          minmay_temple_entry_enclosed_plants, grunt_ministairs_3
D:7:      layout_loops_ring

Notes
Turn   | Place    | Note
-------+----------+-------------------------------------------
     0 | D:1      | sanka the Deep Elf Berserker began the quest for the Orb.
     0 | D:1      | Reached XP level 1. HP: 13/13 MP: 3/3
   193 | D:1      | Reached XP level 2. HP: 13/18 MP: 4/4
   286 | D:1      | Reached skill level 3 in Fighting
   469 | D:1      | Reached skill level 3 in Dodging
   813 | D:2      | Reached XP level 3. HP: 18/23 MP: 5/5
   945 | D:2      | Reached ** piety under Trog
   998 | D:2      | Reached skill level 4 in Dodging
  1332 | D:3      | Reached XP level 4. HP: 26/28 MP: 6/6
  1606 | D:3      | Reached skill level 5 in Dodging
  1606 | D:3      | Found a transporter.
  1633 | D:3      | Found a transporter.
  1871 | D:3      | Found Oremad's Antique Armour Shop.
  1960 | D:3      | Found a faded altar of an unknown god.
  2259 | D:3      | Reached XP level 5. HP: 32/32 MP: 7/7
  2265 | D:3      | Reached skill level 6 in Dodging
  2700 | D:4      | Reached skill level 7 in Dodging
  2726 | D:4      | Found a snail-covered altar of Cheibriados.
  2998 | D:4      | Reached XP level 6. HP: 20/37 MP: 8/8
  3174 | D:4      | Reached *** piety under Trog
  3201 | D:4      | Identified the +2 dagger of Fury {heavy, rCorr Dex+4 SInv}
  3513 | D:4      | Found a broken altar of Ashenzari.
  3777 | D:5      | Entered Level 5 of the Dungeon
  3923 | D:5      | Reached skill level 8 in Dodging
  4120 | D:5      | Found a shadowy altar of Dithmenos.
  4271 | D:5      | Reached XP level 7. HP: 30/41 MP: 9/9
  4442 | D:7      | Reached skill level 9 in Dodging
  4451 | D:7      | HP: 4/40 [wight/+3 morningstar (4)]
  4453 | D:7      | HP: 1/38 [wight/+3 morningstar (3)]
  4453 | D:7      | Slain by a wight

Vanquished Creatures
  A scorpion (D:5)
  3 wights (D:7)
  2 electric eels (D:3)
  An orc priest (D:4)
  A jelly (D:5)
  A hound (D:5)
  An orc wizard (D:4)
  An iguana (D:4)
  A sleepcap (D:5)
  3 gnolls (D:4)
  9 adders
  2 white imps
  An ufetubus (D:3)
  2 dart slugs
  17 orcs
  7 endoplasms
  6 goblins
  8 hobgoblins
  3 jackals (D:4)
  3 kobolds
  2 quokkas
  5 ball pythons
  6 bats
  5 frilled lizards
  A rat (D:2)
92 creatures vanquished.
